 Dungeon Crawl Stone Soup version 0.32-a0-131-g9dbbe29261 (webtiles) character file.

Game seed: 17628454465379475255

2641 Ceno the Covert (level 9, -12/78 (79) HPs)
             Began as a Naga Ice Elementalist on Feb 9, 2024.
             Was a Follower of Cheibriados.
             Mangled by a merfolk
             ... wielding a +0 trident
              (18 damage)
             ... on level 8 of the Dungeon.
             The game lasted 00:23:44 (6675 turns).

Ceno the Covert (Naga Ice Elementalist)             Turns: 6675, Time: 00:23:45

HP:   -12/78 (79)   AC:  7    Str: 14    XL:     9   Next: 61%
MP:   6/15          EV: 10    Int: 21    God:    Cheibriados [*.....]
Gold: 314           SH:  5    Dex: 13    Spells: 6/16 levels left

rFire   + . .        b - +2 war axe (flame)
rCold   . . .        (no shield)
rNeg    + . .        y - +2 robe {rN+}
rPois   +            (no helmet)
rElec   .            d - +0 cloak
rCorr   .            (no gloves)
SInv    +            (no barding)
Will    +....        g - amulet of reflection
Stlth   ++++         o - ring of protection from fire
HPRegen 0.33/turn    (no ring)
MPRegen 0.14/turn

%: reflection
@: mighty, lightly drained, very slow
A: AC +3, large, see invisible, deformed body, poison resistance, slowness 2,
spit poison 1, naga tail 1
a: Spit Poison, Renounce Religion, Bend Time


You were on level 8 of the Dungeon.
You worshipped Cheibriados.
Cheibriados was aware of your devotion.
You visited 2 branches of the dungeon, and saw 9 of its levels.

You collected 314 gold pieces.

Inventory:

Hand Weapons
 a - a +4 hand axe
 b - a +2 war axe of flaming (weapon)
 h - a +0 spear
Missiles
 c - 87 stones (quivered)
 w - 3 poisoned darts
Armour
 d - a +0 cloak (worn)
 y - a +2 robe of positive energy (worn)
 A - a +0 buckler
 G - a +0 ring mail
Magical Staves
 i - a staff of cold
Jewellery
 g - an amulet of reflection (around neck)
 o - a ring of protection from fire (left hand)
 z - an amulet of the acrobat
Wands
 x - a wand of charming (17)
 C - a wand of quicksilver (7)
Scrolls
 e - 4 scrolls of revelation
 f - 4 scrolls of teleportation {unknown}
 l - a scroll of noise
 m - a scroll of fear
 p - 3 scrolls of immolation
 r - a scroll of blinking
 t - a scroll of enchant armour {unknown}
 v - 2 scrolls of enchant weapon {unknown}
 E - a scroll of identify
Potions
 j - a potion of mutation
 n - a potion of might
 q - 4 potions of curing
 s - a potion of attraction
 u - 2 potions of magic
 B - a potion of degeneration {unknown}
 D - a potion of cancellation {unknown}
 F - a potion of haste {unknown}
 H - a potion of resistance {unknown}


   Skills:
 + Level 4.7 Fighting
 * Level 6.1 Axes
 - Level 1.1 Armour
 - Level 1.5 Dodging
 - Level 8.0 Stealth
 + Level 2.8 Shields
 - Level 4.0 Spellcasting
 - Level 8.0 Ice Magic


You had 6 spell levels left.
You knew the following spells:

 Your Spells              Type           Power      Damage    Failure   Level
a - Freeze                Ice            100%       1d10      1%          1
b - Frozen Ramparts       Ice            74%        1d12      1%          3
c - Ozocubu's Armour      Ice            37%        N/A       1%          3
d - Summon Ice Beast      Ice/Summ       21%        N/A       7%          3

Your spell library contained the following spells:

 Spells                   Type           Power      Damage    Failure   Level
 Apportation              Tloc           8%         N/A       12%         1
 Shock                    Conj/Air       16%        1d4       12%         1
 Jinxbite                 Hex            8%         N/A       19%         2
 Fugue of the Fallen      Necr           4%         N/A       34%         3
 Inner Flame              Hex/Fire       4%         N/A       34%         3
 Flame Wave               Conj/Fire      4%         2d5       75%         4
 Manifold Assault         Tloc           4%         N/A       75%         4
 Sticky Flame             Fire/Alch      4%         2d4       75%         4
 Alistair's Intoxication  Alch           2%         N/A       97%         5


Dungeon Overview and Level Annotations

Branches:
Dungeon (8/15)             Temple (1/1) D:7
   Lair: D:8-11

Altars:
Cheibriados
Dithmenos
Elyvilon
Fedhas
Gozag
Hepliaklqana
Kikubaaqudgha
Makhleb
Nemelex Xobeh
Okawaru
Qazlal
Ru
Sif Muna
Trog
Uskayaw
Vehumet
Wu Jian
Xom
Yredelemnul
Zin
The Shining One

Shops:
D:3 :

Annotations:
D:7 exclusion: steam dragon, Menkaure


Innate Abilities, Weirdness & Mutations

Your serpentine skin is tough. (AC +3)
You have supernaturally acute eyesight. (SInv)
Armour fits poorly on your strangely shaped body.
Your system is resistant to poisons. (rPois)
You cover ground very slowly.
You can spit poison.
You have a snake-like lower body.


Message History

The centaur kicks you but does no damage.
You hit the merfolk. You burn the merfolk.
The merfolk is heavily wounded.
You slash the centaur! You burn the centaur. The centaur hits you.
* * * LOW HITPOINT WARNING * * *
The centaur closely misses you.
Your ice beast barely misses the merfolk.
The merfolk barely misses you. The centaur closely misses you.
You block the centaur's attack.
You slash the merfolk! You burn the merfolk.
The merfolk is severely wounded.
You hit the centaur. You burn the centaur.
You kill the centaur!
Cheibriados thoroughly appreciates the change of pace.
Your ice beast closely misses the merfolk.
The merfolk hits you with a +0 trident!
* * * LOW HITPOINT WARNING * * *
Your ice beast barely misses the merfolk.
You block the merfolk's attack.
You hit the merfolk but do no damage.
The merfolk is severely wounded.
Your ice beast hits the merfolk but does no damage.
The merfolk hits your ice beast with a +0 trident!!
Your ice beast dies!
Your ice beast disappears in a puff of smoke!
The merfolk shouts!
You hit the merfolk. You burn the merfolk.
The merfolk is almost dead.
The merfolk hits you but does no damage.
Unknown command.
You barely miss the merfolk.
You punch the merfolk, but do no damage.
The merfolk is almost dead.
You block the merfolk's attack.
A gnoll comes into view. It is wielding a +0 club.
Unknown command.
Your icy armour cracks and falls away as you move.
The merfolk hits you from afar with a +0 trident!!
You die...
Cheibriados appreciates the motionlessness of death.

#.. # #..# ......#..#
......+..# ########
.....)#..#####......####
....>..................#
.......#.###...####.##.#
.......#..@....####.##.#
~~~~~...............##.#
≈≈≈≈~...)m..........##.#
#####~~.............##.###
###~..............#...# #
#.##............#####.#
.#.#.#)##............# #.#
......))#(...........# #.#
......))g..........#####
#.#


You could see a merfolk.

Vanquished Creatures
  2 sky beasts
  3 water moccasins
  An orc warrior (D:6)
  A centaur (D:8)
  A phantom (D:6)
  A kobold brigand (D:8)
  4 bullfrogs
  6 scorpions
  3 wights (D:7)
  4 killer bees (D:7)
  3 orc priests
  2 hounds
  A bombardier beetle (D:3)
  Terence (D:3)
  4 orc wizards
  An iguana (D:6)
  14 gnolls
  9 adders
  A white imp (D:3)
  5 ufetubi
  A dart slug (D:1)
  16 orcs
  6 ball pythons
  5 bats
  9 endoplasms
  4 giant cockroaches
  8 goblins
  3 hobgoblins
  5 jackals
  3 quokkas
  6 frilled lizards
  5 kobolds
  6 rats
144 creatures vanquished.

Vanquished Creatures (collateral kills)
  An ice beast (D:5)
  A centaur (D:8)
  A jelly (D:5)
  An adder (D:6)
  An ufetubus (D:5)
  An orc (D:5)
6 creatures vanquished.

Grand Total: 150 creatures vanquished

Notes
Turn   | Place    | Note
-------+----------+-------------------------------------------
     0 | D:1      | Ceno the Naga Ice Elementalist began the quest for the Orb.
     0 | D:1      | Reached XP level 1. HP: 15/15 MP: 3/3
     2 | D:1      | Noticed a demonspawn
     2 | D:1      | Noticed a tengu
     4 | D:1      | Noticed a minotaur
     4 | D:1      | Noticed a gargoyle
     6 | D:1      | Noticed a felid
     6 | D:1      | Noticed a ghoul
     8 | D:1      | Noticed a human
     8 | D:1      | Noticed an octopode
    10 | D:1      | Noticed a merfolk
    10 | D:1      | Noticed a demigod
    12 | D:1      | Noticed a barachi
    12 | D:1      | Noticed an armataur
    14 | D:1      | Noticed a troll
    14 | D:1      | Noticed a naga
    16 | D:1      | Noticed a draconian
    16 | D:1      | Noticed a vine stalker
    18 | D:1      | Noticed an oni
    20 | D:1      | Noticed an elf
    20 | D:1      | Noticed a vampire
    22 | D:1      | Noticed a djinni
    22 | D:1      | Noticed a spriggan
    24 | D:1      | Noticed a formicid
   197 | D:1      | Reached XP level 2. HP: 22/22 MP: 3/5
   604 | D:1      | You fall into a shaft and drop 1 floor!
   681 | D:2      | Reached XP level 3. HP: 28/28 MP: 2/7
   685 | D:2      | Learned a level 3 spell: Frozen Ramparts
   760 | D:2      | Learned a level 3 spell: Ozocubu's Armour
  1338 | D:2      | Found a faded altar of an unknown god.
  1432 | D:2      | Found a shimmering altar of Xom.
  1678 | D:3      | Reached XP level 4. HP: 36/36 MP: 9/9
  1704 | D:3      | Found Egesixef's Book Boutique.
  1714 | D:3      | Found a hazy altar of Hepliaklqana.
  1864 | D:3      | Reached skill level 5 in Stealth
  1960 | D:3      | Reached XP level 5. HP: 38/42 MP: 7/11
  1966 | D:3      | Found a bloodstained altar of Trog.
  1966 | D:3      | Noticed Terence
  1978 | D:3      | Killed Terence
  2083 | D:3      | Found a shimmering blue altar of Sif Muna.
  2170 | D:3      | Got Sif Muna's Octavo of Gusts
  2543 | D:4      | Learned a level 3 spell: Summon Ice Beast
  2608 | D:4      | Noticed a water moccasin
  2615 | D:4      | Killed a water moccasin
  2616 | D:4      | Reached skill level 5 in Ice Magic
  2616 | D:4      | Reached XP level 6. HP: 39/49 MP: 0/12
  3262 | D:5      | Entered Level 5 of the Dungeon
  3262 | D:5      | Noticed a water moccasin
  3262 | D:5      | Noticed a water moccasin
  3362 | D:5      | Killed a water moccasin
  3363 | D:5      | Reached XP level 7. HP: 43/55 MP: 4/13
  4047 | D:5      | Reached skill level 1 in Fighting
  4047 | D:5      | Reached skill level 1 in Axes
  4047 | D:5      | Reached XP level 8. HP: 61/64 MP: 4/14
  4818 | D:6      | Found a shimmering altar of Xom.
  4818 | D:6      | Found a glowing golden altar of the Shining One.
  4839 | D:6      | Reached skill level 1 in Armour
  4848 | D:6      | Found a stormy altar of Qazlal.
  5363 | D:7      | Reached XP level 9. HP: 76/76 MP: 10/15
  5536 | D:7      | Noticed Menkaure
  5807 | D:7      | Reached skill level 1 in Shields
  5969 | D:7      | Found a staircase to the Ecumenical Temple.
  5981 | Temple   | Entered the Ecumenical Temple
  6003 | Temple   | Became a worshipper of Cheibriados the Contemplative
  6045 | D:7      | Reached skill level 5 in Axes
  6046 | D:7      | Found a blossoming altar of Fedhas.
  6547 | D:8      | Found a white marble altar of Elyvilon.
  6624 | D:8      | Reached * piety under Cheibriados
  6641 | D:8      | Noticed a merfolk
  6675 | D:8      | Mangled by a merfolk

Illustrated notes

Levels and vault maps discovered:
D:1:      kb_arrival_jail, layout_loops_ring, grunt_decor_junction
D:2:      layout_rooms, ebering_ecumenical_altar_hall, serial_corexii_hall,
          chequers_hall_statues_wall_a, corexii_hall_statues_l,
          corexii_hall_statues_l, chequers_hall_statues_corner_a, basic_altar,
          nicolae_elevator_lobby_plus
D:3:      layout_rooms, nzn_overflow_gifts_of_might_and_magic,
          lemuel_crystal_altar, serial_shops, shop
D:4:      nicolae_cairo_tiling_large_dashed, layout_loops_ring
D:5:      layout_gridville
D:6:      layout_loops_ring, minmay_overflow_temple_star_quad
D:7:      layout_basic, fedhas_altar_3, minmay_temple_entry_mini_moons,
          minmay_misc_feat_five, serial_bayou_ford_a, uniq_menkaure
D:8:      gammafunk_the_bubble [the_bubble_gammafunk_plus_minus], layout_basic,
          nicolae_overflow_crystal_walls, roadster_trireme
Temple:   nicolae_temple_bog_church

Skill      XL: |  1  2  3  4  5  6  7  8  9 |
---------------+----------------------------+-----
Stealth        | 4 5 6 7 8 |  8.0
Spellcasting   | 3 4 |  4.0
Ice Magic      | 5 6 7 8 |  8.0
Fighting       | 1 3 4 |  4.7
Axes           | 1 4 6 |  6.1
Armour         | 1 |  1.1
Shields        | 2 |  2.8
Dodging        | |  1.5

Action                     |  1- 3 |  4- 6 |  7- 9 || total
---------------------------+-------+-------+-------++-------
  Melee: Spear             |    42 |    70 |    79 ||   191
         Punch             |       |     3 |    10 ||    13
         War axe           |       |       |    16 ||    16
         Hand axe          |       |       |   109 ||   109
  Throw: Stone             |       |     2 |     2 ||     4
   Cast: Freeze            |    19 |    23 |    20 ||    62
         Frozen Ramparts   |     1 |     6 |    15 ||    22
         Ozocubu's Armour  |       |     4 |    16 ||    20
         Summon Ice Beast  |       |       |    12 ||    12
Ability: Spit Poison       |    27 |    23 |    22 ||    72
    Use: Scroll            |     6 |     1 |     3 ||    10
         Potion            |       |       |     5 ||     5
   Stab: Sleeping          |     1 |     1 |       ||     2
         Distracted        |       |       |     1 ||     1
 Armour: Robe              |    28 |    60 |   240 ||   328
  Dodge: Dodged            |    18 |    31 |   113 ||   162
  Block: Other             |     7 |    12 |    57 ||    76
         Reflection        |     1 |       |     1 ||     2

Table legend: (Time is in decaauts)
 A = Elapsed time spent in this place.
 B = Non-inter-level travel time spent in this place.
 C = Inter-level travel time spent in this place.
 D = Time resting spent in this place.
 E = Time spent auto-exploring this place.
 F = Levels seen in this place.
 G = Mean time per level.
                   A        B        C        D        E       F      G
               +--------+--------+--------+--------+--------+-----+--------+
         Total |   8435 |   7873 |    562 |    862 |   4640 |   9 |  937.2 |
       Dungeon |   8366 |   7871 |    495 |    862 |   4640 |   8 | 1045.8 |
        Temple |     69 |      3 |     66 |      0 |      0 |   1 |   69.0 |
               +--------+--------+--------+--------+--------+-----+--------+

Top non-repeatable levels by time:
     D:6: 1511 daAuts
     D:1: 1261 daAuts
     D:7: 1241 daAuts
     D:5: 1112 daAuts
     D:4: 1097 daAuts
     D:3: 1017 daAuts
     D:2: 875 daAuts
     D:8: 249 daAuts
  Temple: 69 daAuts
